[ AOE2 MATCH · #506769635 ]
UnrankedChinese vs Persians
Player's team · WIN
Rival team · LOSS
[ REPLAY ANALYSIS · EXTRACTED FROM THE RECORDED GAME ]
Feudal
9:14
Castle
26:21
Imperial
—
| APM avg | 64.2 |
| APM peak | 111 |
| eAPM avg | 18.5 |
| Villagers / military | 52 / 33 |
Focus
⚔️ 28.0% · 🌾 72.0%
Archer ×23 · Spearman ×7 · Battering Ram ×2 · Monk ×1
Feudal
17:32
Castle
21:56
Imperial
—
| APM avg | 43.1 |
| APM peak | 105 |
| eAPM avg | 17.5 |
| Villagers / military | 70 / 28 |
Focus
⚔️ 31.7% · 🌾 68.3%
Knight ×14 · Skirmisher ×12 · Camel Scout ×2
Match map
Initial resources + every placement click. Lines = walls · curves = elevation contours. ◆ gold · ⬟ stone · ● berries · ✦ relic · ◌ wall gap
Your base· Open — unwalled flank
[GDL] especialista's base· Open — unwalled flank
Smoothed initial terrain · ◌ = detected wall gap · hover for details
Inputs per minute
— Mr Robot - - [GDL] especialista
Build order — Mr Robot
First 150 of 155 actions detected
| 0:00 | Research | Loom |
| 0:44 | Queue | Villager (Male) |
| 0:44 | Queue | Villager (Male) |
| 1:08 | Queue | Villager (Male) |
| 1:36 | Queue | Villager (Male) |
| 1:37 | Queue | Villager (Male) |
| 1:59 | Queue | Villager (Male) |
| 2:00 | Queue | Villager (Male) |
| 2:20 | Queue | Villager (Male) |
| 2:21 | Queue | Villager (Male) |
| 2:44 | Queue | Villager (Male) |
| 2:44 | Queue | Villager (Male) |
| 3:01 | Build | House |
| 3:02 | Build | Lumber Camp |
| 3:11 | Queue | Villager (Male) |
| 3:11 | Queue | Villager (Male) |
| 3:11 | Queue | Villager (Male) |
| 3:16 | Queue | Villager (Male) |
| 3:16 | Queue | Villager (Male) |
| 3:35 | Queue | Villager (Male) |
| 3:36 | Queue | Villager (Male) |
| 4:36 | Queue | Villager (Male) |
| 4:36 | Queue | Villager (Male) |
| 4:39 | Queue | Villager (Male) |
| 4:54 | Build | House |
| 4:59 | Queue | Villager (Male) |
| 5:51 | Queue | Villager (Male) |
| 6:21 | Build | Mill |
| 7:04 | Research | Feudal Age |
| 7:29 | Build | House |
| 8:21 | Queue | Villager (Male) |
| 8:42 | Build | Lumber Camp |
| 8:49 | Queue | Villager (Male) |
| 9:14 | Age | Feudal Age |
| 9:18 | Queue | Villager (Male) |
| 9:20 | Build | Barracks |
| 9:23 | Research | Double-Bit Axe |
| 9:52 | Queue | Villager (Male) |
| 9:55 | Build | House |
| 10:20 | Build | Mining Camp |
| 11:21 | Build | Archery Range |
| 12:00 | Queue | Archer |
| 12:00 | Queue | Archer |
| 12:03 | Build | House |
| 12:17 | Build | House |
| 12:19 | Queue | Archer |
| 12:33 | Build | Lumber Camp |
| 12:43 | Build | House |
| 12:48 | Build | House |
| 12:49 | Build | House |
| 13:04 | Build | House |
| 13:26 | Build | Archery Range |
| 13:38 | Build | Lumber Camp |
| 14:16 | Queue | Archer |
| 14:23 | Build | Market |
| 15:08 | Build | Town Center |
| 15:11 | Queue | Archer |
| 15:11 | Queue | Archer |
| 15:23 | Build | House |
| 15:46 | Build | Blacksmith |
| 15:56 | Queue | Archer |
| 15:56 | Queue | Archer |
| 16:03 | Queue | Archer |
| 16:04 | Queue | Archer |
| 16:04 | Queue | Archer |
| 16:23 | Queue | Archer |
| 16:24 | Queue | Archer |
| 16:27 | Queue | Villager (Male) |
| 16:27 | Queue | Villager (Male) |
| 16:27 | Queue | Villager (Male) |
| 16:36 | Queue | Archer |
| 16:36 | Queue | Archer |
| 16:45 | Research | Fletching |
| 17:04 | Queue | Archer |
| 17:04 | Queue | Archer |
| 17:32 | Queue | Villager (Male) |
| 17:57 | Queue | Villager (Male) |
| 18:03 | Build | House |
| 18:26 | Build | Mill |
| 19:02 | Queue | Archer |
| 19:03 | Queue | Archer |
| 19:03 | Queue | Archer |
| 19:26 | Queue | Archer |
| 19:26 | Queue | Archer |
| 19:26 | Queue | Archer |
| 19:29 | Build | House |
| 19:30 | Build | House |
| 19:30 | Build | House |
| 19:30 | Build | House |
| 19:40 | Queue | Villager (Male) |
| 19:41 | Queue | Villager (Male) |
| 20:40 | Queue | Villager (Male) |
| 20:40 | Queue | Villager (Male) |
| 20:43 | Build | Farm |
| 20:43 | Build | Farm |
| 20:43 | Build | Farm |
| 20:43 | Build | Farm |
| 20:43 | Build | Farm |
| 20:44 | Build | Farm |
| 20:44 | Build | Farm |
| 21:18 | Build | Farm |
| 21:18 | Build | Farm |
| 21:32 | Queue | Villager (Male) |
| 21:51 | Build | Farm |
| 22:31 | Queue | Villager (Male) |
| 22:31 | Queue | Villager (Male) |
| 23:41 | Research | Castle Age |
| 23:41 | Research | Castle Age |
| 23:57 | Build | Barracks |
| 24:22 | Queue | Spearman |
| 24:22 | Queue | Spearman |
| 24:22 | Queue | Spearman |
| 24:53 | Research | Padded Archer Armor |
| 25:32 | Queue | Villager (Male) |
| 25:52 | Build | House |
| 25:55 | Research | Forging |
| 26:14 | Queue | Spearman |
| 26:15 | Queue | Spearman |
| 26:21 | Age | Castle Age |
| 26:32 | Research | Crossbowman (upgrade) |
| 26:42 | Build | University |
| 27:07 | Queue | Villager (Male) |
| 27:07 | Queue | Villager (Male) |
| 27:29 | Queue | Spearman |
| 27:29 | Queue | Spearman |
| 27:47 | Build | Farm |
| 27:48 | Build | Farm |
| 27:50 | Queue | Villager (Male) |
| 28:06 | Research | Ballistics |
| 28:20 | Build | Siege Workshop |
| 28:27 | Build | House |
| 28:29 | Build | Palisade Wall |
| 29:00 | Queue | Battering Ram |
| 29:04 | Build | House |
| 29:05 | Build | House |
| 29:05 | Build | House |
| 29:20 | Build | Mining Camp |
| 29:36 | Queue | Villager (Male) |
| 29:36 | Queue | Villager (Male) |
| 29:43 | Build | Monastery |
| 29:54 | Queue | Villager (Male) |
| 29:55 | Queue | Villager (Male) |
| 30:11 | Queue | Battering Ram |
| 30:24 | Queue | Monk |
| 31:15 | Queue | Villager (Male) |
| 31:15 | Queue | Villager (Male) |
| 31:52 | Queue | Villager (Male) |
| 31:52 | Queue | Villager (Male) |
| 32:16 | Research | Pikeman (upgrade) |
| 32:46 | Queue | Villager (Male) |
Build order — [GDL] especialista
First 150 of 152 actions detected
| 0:00 | Queue | Villager (Male) |
| 0:01 | Queue | Villager (Male) |
| 0:03 | Build | House |
| 0:05 | Build | House |
| 0:27 | Queue | Villager (Male) |
| 0:27 | Queue | Villager (Male) |
| 0:35 | Queue | Villager (Male) |
| 0:35 | Queue | Villager (Male) |
| 1:31 | Queue | Villager (Male) |
| 1:31 | Queue | Villager (Male) |
| 1:56 | Queue | Villager (Male) |
| 1:57 | Queue | Villager (Male) |
| 2:14 | Build | Lumber Camp |
| 2:19 | Queue | Villager (Male) |
| 2:19 | Queue | Villager (Male) |
| 2:33 | Queue | Villager (Male) |
| 2:33 | Queue | Villager (Male) |
| 3:36 | Queue | Villager (Male) |
| 3:36 | Queue | Villager (Male) |
| 3:37 | Queue | Villager (Male) |
| 3:48 | Research | Loom |
| 3:54 | Build | House |
| 4:12 | Queue | Villager (Male) |
| 4:12 | Queue | Villager (Male) |
| 4:50 | Queue | Villager (Male) |
| 5:42 | Queue | Villager (Male) |
| 5:47 | Queue | Villager (Male) |
| 5:49 | Queue | Villager (Male) |
| 6:21 | Queue | Villager (Male) |
| 6:32 | Build | House |
| 6:50 | Queue | Villager (Male) |
| 7:00 | Build | Mill |
| 7:38 | Build | Town Center |
| 8:09 | Build | Mill |
| 8:33 | Queue | Villager (Male) |
| 8:33 | Queue | Villager (Male) |
| 8:33 | Queue | Villager (Male) |
| 8:33 | Queue | Villager (Male) |
| 8:34 | Queue | Villager (Male) |
| 8:44 | Build | House |
| 9:14 | Build | Palisade Gate |
| 9:16 | Build | House |
| 9:18 | Queue | Villager (Male) |
| 9:18 | Queue | Villager (Male) |
| 10:26 | Queue | Villager (Male) |
| 10:26 | Queue | Villager (Male) |
| 10:26 | Queue | Villager (Male) |
| 11:23 | Queue | Villager (Male) |
| 11:23 | Queue | Villager (Male) |
| 11:29 | Build | Lumber Camp |
| 11:45 | Queue | Villager (Male) |
| 11:46 | Queue | Villager (Male) |
| 12:02 | Queue | Villager (Male) |
| 12:02 | Queue | Villager (Male) |
| 12:15 | Build | Farm |
| 12:28 | Build | Mill |
| 12:38 | Build | Farm |
| 12:52 | Build | Farm |
| 12:59 | Queue | Villager (Male) |
| 12:59 | Queue | Villager (Male) |
| 13:19 | Build | Farm |
| 13:26 | Queue | Villager (Male) |
| 13:45 | Queue | Villager (Male) |
| 14:05 | Queue | Villager (Male) |
| 14:18 | Build | Farm |
| 14:33 | Queue | Villager (Male) |
| 14:48 | Build | House |
| 15:04 | Queue | Villager (Male) |
| 15:07 | Build | Farm |
| 15:24 | Build | Mining Camp |
| 15:28 | Research | Feudal Age |
| 15:28 | Research | Feudal Age |
| 16:09 | Queue | Villager (Male) |
| 16:09 | Queue | Villager (Male) |
| 16:56 | Queue | Villager (Male) |
| 16:58 | Build | Farm |
| 17:03 | Build | Farm |
| 17:03 | Build | Farm |
| 17:03 | Build | Farm |
| 17:32 | Age | Feudal Age |
| 18:21 | Build | Blacksmith |
| 18:24 | Build | Market |
| 19:31 | Research | Castle Age |
| 19:56 | Build | Lumber Camp |
| 20:17 | Build | Barracks |
| 20:46 | Build | Farm |
| 21:53 | Queue | Villager (Male) |
| 21:56 | Age | Castle Age |
| 22:03 | Build | Stable |
| 22:47 | Build | Stable |
| 22:50 | Queue | Villager (Male) |
| 23:11 | Build | Watch Tower |
| 23:17 | Build | Farm |
| 23:21 | Queue | Knight |
| 23:21 | Queue | Knight |
| 23:22 | Queue | Knight |
| 23:53 | Build | Farm |
| 23:59 | Research | Scale Barding Armor |
| 24:01 | Build | Farm |
| 24:08 | Queue | Villager (Male) |
| 24:09 | Queue | Villager (Male) |
| 24:09 | Queue | Villager (Male) |
| 24:09 | Queue | Villager (Male) |
| 24:09 | Queue | Villager (Male) |
| 24:26 | Queue | Villager (Male) |
| 24:51 | Queue | Villager (Male) |
| 24:55 | Queue | Knight |
| 24:55 | Queue | Knight |
| 25:03 | Queue | Villager (Male) |
| 25:24 | Build | Mining Camp |
| 25:40 | Queue | Villager (Male) |
| 25:40 | Queue | Villager (Male) |
| 25:46 | Queue | Villager (Male) |
| 26:01 | Queue | Camel Scout |
| 26:01 | Queue | Camel Scout |
| 26:28 | Queue | Villager (Male) |
| 26:47 | Queue | Knight |
| 27:08 | Build | Archery Range |
| 27:13 | Queue | Villager (Male) |
| 27:41 | Queue | Villager (Male) |
| 28:08 | Build | Mining Camp |
| 28:17 | Queue | Skirmisher |
| 28:18 | Queue | Skirmisher |
| 28:18 | Queue | Skirmisher |
| 28:39 | Queue | Skirmisher |
| 28:40 | Queue | Skirmisher |
| 28:40 | Queue | Skirmisher |
| 28:53 | Queue | Skirmisher |
| 29:17 | Build | Farm |
| 29:17 | Build | Farm |
| 29:18 | Build | Farm |
| 29:18 | Build | Farm |
| 29:25 | Queue | Skirmisher |
| 29:39 | Queue | Skirmisher |
| 29:41 | Queue | Knight |
| 29:42 | Queue | Knight |
| 29:57 | Queue | Skirmisher |
| 30:16 | Queue | Skirmisher |
| 30:21 | Build | Farm |
| 30:27 | Build | Farm |
| 30:45 | Queue | Skirmisher |
| 30:50 | Queue | Knight |
| 30:50 | Queue | Knight |
| 31:13 | Build | Farm |
| 31:27 | Queue | Villager (Male) |
| 31:30 | Queue | Knight |
| 31:31 | Queue | Knight |
| 32:10 | Queue | Villager (Male) |
| 32:11 | Queue | Knight |
| 32:11 | Queue | Knight |
Match timeline
| 9:14 | Mr Robot · age_up feudal |
| 9:20 | Mr Robot · first_building Barracks |
| 11:21 | Mr Robot · first_building Archery Range |
| 16:02 | Mr Robot · first_market_sell 100 wood |
| 17:32 | [GDL] especialista · age_up feudal |
| 19:30 | [GDL] especialista · first_market_sell 100 wood |
| 20:17 | [GDL] especialista · first_building Barracks |
| 21:56 | [GDL] especialista · age_up castle |
| 22:03 | [GDL] especialista · first_building Stable |
| 22:54 | Mr Robot · first_market_buy 100 food |
| 23:06 | [GDL] especialista · first_market_buy 100 stone |
| 26:21 | Mr Robot · age_up castle |
| 27:08 | [GDL] especialista · first_building Archery Range |
| 28:20 | Mr Robot · first_building Siege Workshop |
| 28:29 | Mr Robot · wall_segment Palisade Wall x1 |
| 29:43 | Mr Robot · first_building Monastery |
| 32:53 | [GDL] especialista · resign |
[ AI ANALYSIS · 1 CREDIT ]
What really happened in this match?
Wolo.gg analyzes every decision: build order, eco, micro, common mistakes by bracket. Personalized analysis on WhatsApp or Discord in 30 seconds.
Civ guide
Chinese
Perfil
Jugador #1960720